 Dungeon Crawl Stone Soup version 0.29.1-15-g9cfb28693d (webtiles) character file.

Game seed: 5694673887348281733

8 protoss039 the Digger (level 2, 20/20 HPs)
             Began as a Demonspawn Earth Elementalist on Mar 19, 2023.
             Got out of the dungeon alive.
             The game lasted 00:00:20 (1170 turns).

protoss039 the Digger (DsEE)                        Turns: 1170, Time: 00:00:21

Health: 20/20      AC:  2    Str:  8    XL:     2   Next: 0%
Magic:  5/5        EV: 12    Int: 16    God:
Gold:   51         SH:  0    Dex: 13    Spells: 4/5 levels left

rFire   . . .      SeeInvis .   d - +0 club
rCold   . . .      Faith    .   (no shield)
rNeg    . . .      Spirit   .   a - +0 robe
rPois   .          Reflect  .   (no helmet)
rElec   .          Harm     .   (no cloak)
rCorr   .          Rampage  .   (no gloves)
Will    .....                   (no boots)
Stlth   ++........              (no amulet)
HPRegen 0.06/turn               (no ring)
MPRegen 0.09/turn               (no ring)

@: no status effects
A: weakness stinger 1
a: no special abilities


You escaped.
You visited 1 branch of the dungeon, and saw 1 of its levels.

You collected 51 gold pieces.

Inventory:

Hand Weapons
 d - a +0 club (weapon)
Armour
 a - a +0 robe (worn)
Scrolls
 c - a scroll of identify {unknown}
 f - a scroll of immolation {unknown}
Potions
 b - a potion of magic
 e - a potion of haste {unknown}


   Skills:
 + Level 0.8 Fighting
 - Level 1.7 Dodging
 - Level 1.7 Stealth
 + Level 2.2 Spellcasting
 - Level 0.8 Transmutations
 + Level 2.9 Earth Magic


You had 4 spell levels left.
You knew the following spells:

 Your Spells              Type           Power      Damage    Failure   Level
a - Sandblast             Erth           22%        2d7       6%          1

Your spell library contained the following spells:

 Spells                   Type           Power      Damage    Failure   Level
 Passwall                 Tmut/Erth      5%         N/A       14%         2
 Stone Arrow              Conj/Erth      12%        3d7       32%         3
 Petrify                  Tmut/Erth      7%         N/A       67%         4


Dungeon Overview and Level Annotations

Branches:
Dungeon (1/15) Zot: 4789

Altars:


Innate Abilities, Weirdness & Mutations

You have a small tail.


Message History

e - a fizzy brown potion You open the door.
There is an open door here.
You open the door.
There is an open door here.
There is an open door here.
f - a scroll labelled TIAR EKLYIMIFE
There is a staircase leading out of the dungeon here.
Found a leather armour.
You enter the shallow water.
Moving in this stuff is going to be slow.
You enter the shallow water.
Moving in this stuff is going to be slow.
You enter the shallow water.
Moving in this stuff is going to be slow.
There is a stone staircase leading down here.
Found 4 stones.
You now have 51 gold pieces (gained 11).
You enter the shallow water.
Moving in this stuff is going to be slow.
Found 6 stones.
You open the door.
Found a faded altar of an unknown god.
There is an open door here.
There is an open door here.
There is an open door here.
There is an open door here.
Key pressed, stopping explore.
There is a large open door here.
There is a large open door here.
You enter the shallow water.
Moving in this stuff is going to be slow.
Done exploring.
Done exploring.
Done exploring.
You enter the shallow water.
Moving in this stuff is going to be slow.
There is a staircase leading out of the dungeon here.
Are you sure you want to leave the Dungeon?
This will make you lose the game!
You have escaped!

#....###.##....# #..#.# #..###
#.##.# #.####### #..#.# #..#
#.##.# #.############..#.# #..#
.....# #.#...##..##....#.# #..#
.....# #.#...##..##......# #..#
.....###.#.##..##..##..#####..###
.........#.##..##..##............
.....#####...##..##....#####..###
.......###...##.@##....# #..#
.....#..##.##..##..##..# #..#
#+##.##....##..##..##..# #[.###
#.##.##..#...##..##....#####....#
#............##..##....##....##.#
#..####................♣♣.♣♣....#
........#...#####.##..♣♣P~♣♣#####
...#######...####.#...♣♣~~♣ ...#
##.......#.#..♣~~♣♣


There were no monsters in sight!

Vanquished Creatures
  A dart slug (D:1)
  An endoplasm (D:1)
  2 goblins (D:1)
  A frilled lizard (D:1)
  A rat (D:1)
6 creatures vanquished.

Notes
Turn   | Place    | Note
-------+----------+-------------------------------------------
     0 | D:1      | protoss039 the Demonspawn Earth Elementalist began the
                  | quest for the Orb.
     0 | D:1      | Reached XP level 1. HP: 13/13 MP: 3/3
   430 | D:1      | Gained mutation: You have a small tail. [demonic ancestry]
   430 | D:1      | Reached XP level 2. HP: 18/20 MP: 1/5
   930 | D:1      | Found a faded altar of an unknown god.
  1170 | D:$      | Got out of the dungeon alive.

Illustrated notes

Levels and vault maps discovered:
D:1:      lightli_iron_boxes, layout_basic,
          shapermc_ecumenical_altar_mp_vishouse, serial_bayou,
          serial_bayou_shore_a, serial_bayou_pond_e, serial_bayou_lagoon_b,
          serial_bayou_crossing

Action                   || total
-------------------------++-------
 Cast: Sandblast         ||     8
